 Dungeon Crawl Stone Soup version 0.22.0-5-gf09313c8f9 (webtiles) character file.

4431 Gargoyl the Chopper (level 10, -13/86 HPs)
             Began as a Centaur Abyssal Knight on Aug 13, 2018.
             Was an Elder of Lugonu.
             Mangled by an enormous slime creature (48 damage)
             ... on level 9 of the Dungeon.
             The game lasted 00:18:06 (12545 turns).

Gargoyl the Chopper (Centaur Abyssal Knight)       Turns: 12545, Time: 00:18:06

Health: -13/86     AC: 13    Str: 16    XL:     10   Next: 14%
Magic:  14/14      EV:  3    Int: 14    God:    Lugonu [****..]
Gold:   509        SH:  0    Dex: 13    Spells: 9/9 levels left

rFire    + . .     SeeInvis .   a - +3 hand axe
rCold    . . .     Gourm    .   (no shield)
rNeg     . . .     Faith    .   e - +0 plate armour
rPois    .         Spirit   .   z - +0 helmet {Int+3}
rElec    +         Reflect  .   (no cloak)
rCorr    .         Harm     .   (no gloves)
MR       +....                  (no barding)
Stlth    ..........             (no amulet)
HPRegen  0.24/turn              o - ring of protection from fire
MPRegen  0.14/turn              (no ring)

@: very quick
A: large, hooves 3, rugged brown scales 1, agile 1, deformed body, speed 2,
magic resistance 1, electricity resistance, tough skin 3
a: Depart the Abyss, Bend Space, Banish, Corrupt, Renounce Religion


You were on level 9 of the Dungeon.
You worshipped Lugonu.
Lugonu was greatly pleased with you.
You were not hungry.

You visited 1 branch of the dungeon, and saw 9 of its levels.
You visited the Abyss 1 time.

You collected 509 gold pieces.

Inventory:

Hand Weapons
 a - a +3 hand axe (weapon)
Missiles
 k - 6 javelins (quivered)
Armour
 e - a +0 plate armour (worn)
 z - a +0 helmet of intelligence (worn)
Jewellery
 o - a ring of protection from fire (left hand)
 x - a +1 ring of slaying {unknown}
Wands
 g - a wand of polymorph (17)
 r - a wand of clouds (6)
 t - a wand of flame (20)
Scrolls
 b - 2 scrolls of identify
 f - 3 scrolls of remove curse
 h - 2 scrolls of enchant weapon
 m - 6 scrolls of teleportation
 p - 2 scrolls of amnesia
 s - a scroll of magic mapping
 y - a scroll of fog
Potions
 d - a potion of haste
 i - 3 potions of agility
 j - 3 potions of brilliance
 l - a potion of berserk rage
 n - a potion of curing
 q - a potion of magic
 v - a potion of lignification
 w - a potion of ambrosia
Comestibles
 c - 11 rations
 u - 6 chunks of flesh


   Skills:
 + Level 6.3 Fighting
 + Level 7.6 Axes
 + Level 0.3 Throwing
 * Level 7.5 Armour
 + Level 1.4 Dodging
 * Level 5.9 Invocations


You had 9 spell levels left.
You didn't know any spells.
Your spell library contained the following spells:

 Spells                   Type           Power        Failure   Level  Hunger
 Bolt of Magma            Conj/Fire/Erth #.........   100%        5    ######.
 Confuse                  Hex            #.......     100%        3    ####...
 Venom Bolt               Conj/Pois      #.........   100%        5    ######.
 Iron Shot                Conj/Erth      #.........   100%        6    #######
 Confusing Touch          Hex            #.....       100%        1    ##.....
 Metabolic Englaciation   Hex/Ice        #.........   100%        5    ######.
 Petrify                  Tmut/Erth      #.......     100%        4    #####..
 Orb of Destruction       Conj           #.........   100%        7    #######
 Iskenderun's Battlesphe  Conj/Chrm      #.......     100%        5    ######.
 Spellforged Servitor     Conj/Summ      #.........   100%        7    #######
 Gell's Gravitas          Tloc           #.........   100%        3    ####...
 Yara's Violent Unravell  Hex/Tmut       #.........   100%        5    ######.


Dungeon Overview and Level Annotations

Branches:
Dungeon (9/15)             Temple (0/1) D:6             Orc (0/2) D:9
   Lair: D:8-11

Altars:
Fedhas
Gozag
Hepliaklqana
Makhleb
Nemelex Xobeh
Sif Muna
Vehumet
Wu Jian
Xom
Yredelemnul

Annotations:
D:5 IceCat's ghost, novice FoFi


Innate Abilities, Weirdness & Mutations

You have hooves in place of feet.
Armour fits poorly on your strangely shaped body.
You cover ground very quickly.
You have extremely tough skin. (AC +3)
You are partially covered in rugged brown scales. (AC +1, +3% HP)
You are agile. (Dex +2)
You are resistant to hostile enchantments. (MR+)
You are resistant to electric shocks. (rElec)


Message History

A black bear and 3 slime creatures come into view.
The black bear growls angrily.
The slime creature quivers. x2
Two slime creatures merge to form a large slime creature.
You hit the slime creature. You kick the slime creature.
The slime creature is lightly wounded.
You hit the large slime creature. The slime creature hits you.
The large slime creature hits you!!!
Two slime creatures merge to form a very large slime creature.
You slash the slime creature! You kick the slime creature.
The slime creature is moderately wounded.
You hit the very large slime creature. The slime creature hits you!
Two slime creatures merge to form an enormous slime creature.
You slash the slime creature!
The slime creature is heavily wounded.
You hit the enormous slime creature but do no damage.
The slime creature hits you but does no damage.
The enormous slime creature hits you!!!
Ouch! That really hurt!
You die...

....##..##.............#
.#.###..##............#
.#.#
#..##.#######..#>...
.#.#
#....(.........#####..
...#
#..##[###.............
..##
#.[##(###.###..#####.
..# #..##..........# ..#
#..##..##.####.#
..####......##.J@...#
........#.[.##.J#####
..#######.[.##.h
...(........##..
#.#######..###.. #.#
#..# #.. #.# #..# #..
... ...# ##. ... .....


You could see an enormous slime creature, a slime creature and a black bear.

Vanquished Creatures
  A warg (D:9)
  Duvessa (D:7)
  5 ice beasts
  3 sky beasts
  2 black bears (D:6)
  3 orc warriors
  A centaur (D:7)
  A necrophage (D:8)
  5 ogres
  A crocodile (D:9)
  3 big kobolds
  6 bullfrogs
  2 wyvern zombies
  Dowan (D:7)
  A scorpion (D:5)
  A crimson imp (D:9)
  A bullfrog zombie (D:7)
  A centaur zombie (D:6)
  A quasit (D:6)
  5 hounds
  2 jellies (D:8)
  3 orc priests
  A centaur skeleton (D:8)
  An iguana (D:7)
  9 orc wizards
  2 bullfrog skeletons (D:5)
  7 worker ants
  A hound skeleton (D:5)
  A worker ant zombie (D:5)
  8 adders
  4 gnolls (D:6)
  An ooze (D:2)
  An adder skeleton (D:8)
  2 worms
  A leopard gecko (D:3)
  23 orcs
  3 bats
  7 giant cockroaches
  6 goblins
  4 hobgoblins
  5 jackals
  6 quokkas
  3 ball pythons
  A ball python skeleton (D:5)
  7 frilled lizards
  A jackal skeleton (D:8)
  22 kobolds
  A leopard gecko skeleton (D:6)
  14 rats
192 creatures vanquished.

Vanquished Creatures (others)
  An unseen horror (D:7)
  An ogre (D:5)
2 creatures vanquished.

Grand Total: 194 creatures vanquished

Notes
Turn   | Place    | Note
-------+----------+-------------------------------------------
     0 | Abyss:1  | Gargoyl the Centaur Abyssal Knight began the quest for the Orb.
     0 | Abyss:1  | Reached XP level 1. HP: 19/19 MP: 2/2
   186 | Abyss:1  | Noticed a ynoxinul
   188 | D:1      | Escaped the Abyss
   354 | D:1      | Reached * piety under Lugonu
   398 | D:1      | Reached XP level 2. HP: 22/26 MP: 3/3
  1182 | D:2      | Reached XP level 3. HP: 14/31 MP: 4/4
  1556 | D:2      | Reached XP level 4. HP: 37/38 MP: 5/5
  1622 | D:2      | Found a sparkling altar of Nemelex Xobeh.
  1848 | D:2      | Found a shimmering altar of Xom.
  2050 | D:2      | Found a radiant altar of Vehumet.
  2063 | D:2      | Found a basalt altar of Yredelemnul.
  2096 | D:2      | Found a blossoming altar of Fedhas.
  2209 | D:2      | Reached ** piety under Lugonu
  2312 | D:3      | Found an ornate altar of the Wu Jian Council.
  2423 | D:3      | Found a faded altar of an unknown god.
  2459 | D:3      | Gained mutation: You are agile. (Dex +2) [potion of mutation]
  2459 | D:3      | Gained mutation: You are partially covered in rugged brown scales. (AC +1, +3% HP) [potion of mutation]
  2459 | D:3      | Gained mutation: You are resistant to hostile enchantments. (MR+) [potion of mutation]
  2459 | D:3      | Gained mutation: You are resistant to electric shocks. (rElec) [potion of mutation]
  2966 | D:3      | Reached XP level 5. HP: 42/47 MP: 6/6
  3259 | D:3      | Found a burning altar of Makhleb.
  3348 | D:3      | You fall through a shaft for 2 floors!
  3348 | D:5      | Entered Level 5 of the Dungeon
  3348 | D:5      | Noticed an ogre
  3357 | D:5      | Killed an ogre
  3357 | D:5      | Reached XP level 6. HP: 8/53 MP: 6/8
  4078 | D:5      | Found a runed gate.
  4078 | D:5      | Found a runed gate.
  4079 | D:5      | Found a runed gate.
  4084 | D:5      | Noticed IceCat's ghost (novice FoFi)
  4330 | D:3      | Reached XP level 7. HP: 35/59 MP: 9/9
  4786 | D:4      | Reached *** piety under Lugonu
  4916 | D:4      | Reached skill level 5 in Axes
  5965 | D:5      | HP: 3/61 [ogre/giant club (18)]
  6416 | D:5      | Reached XP level 8. HP: 65/69 MP: 10/10
  6910 | D:6      | Found a staircase to the Ecumenical Temple.
  7002 | D:6      | Reached skill level 5 in Armour
  7219 | D:6      | Found a hazy altar of Hepliaklqana.
  7483 | D:6      | Reached skill level 5 in Fighting
  7722 | D:7      | Found an opulent altar of Gozag.
  7778 | D:7      | Noticed Duvessa
  7780 | D:7      | Noticed Dowan
  7792 | D:7      | Killed Duvessa
  7943 | D:7      | Killed Dowan
  8142 | D:7      | Banished an unseen horror
  8142 | D:7      | Reached XP level 9. HP: 43/76 MP: 7/12
  8785 | D:7      | Reached skill level 5 in Invocations
  8950 | D:8      | Reached skill level 1 in Dodging
  9617 | D:8      | Identified a scroll of acquirement
 10035 | D:8      | Found a deep blue altar of Sif Muna.
 10966 | D:9      | Reached **** piety under Lugonu
 11032 | D:9      | Found a staircase to the Orcish Mines.
 11929 | D:8      | Reached XP level 10. HP: 76/85 MP: 14/14
 12545 | D:9      | Mangled by an enormous slime creature

Skill      XL: |  1  2  3  4  5  6  7  8  9 |
---------------+----------------------------+-----
Axes           | 2 3 4 5 6 7 |  7.6
Armour         | 2 3 4 6 7 |  7.5
Invocations    | 3 4 5 |  5.9
Fighting       | 4 5 6 |  6.3
Dodging        | 1 |  1.4
Throwing       | |  0.3

Action                   |  1- 3 |  4- 6 |  7- 9 | 10-12 || total
-------------------------+-------+-------+-------+-------++-------
Melee: Hand axe          |    88 |   153 |   474 |    60 ||   775
       Kick              |    12 |    32 |   146 |    15 ||   205
Throw: Javelin           |       |       |     6 |       ||     6
Invok: Depart the Abyss  |     1 |       |       |       ||     1
       Banish            |       |       |     3 |       ||     3
       Bend Space        |       |       |     2 |       ||     2
  Use: Scroll            |     4 |     5 |    13 |       ||    22
       Potion            |       |     3 |     2 |       ||     5
  Eat: Chunk             |     1 |     7 |     9 |       ||    17
       Ration            |       |       |     5 |       ||     5
Armor: Plate armour      |    84 |   119 |   485 |    42 ||   730
Dodge: Dodged            |     5 |    18 |    79 |     6 ||   108
